 Dungeon Crawl Stone Soup version 0.31-a0-859-g9dce7d3444 (webtiles) character file.

Game seed: 16908040137559351239

392 DocEon the Cleaver (level 6, 0/51 HPs)
             Began as a Minotaur Berserker on Oct 9, 2023.
             Was a Priest of Trog.
             Succumbed to a scorpion's poison
             ... on level 4 of the Dungeon.
             The game lasted 00:01:38 (2192 turns).

DocEon the Cleaver (Minotaur Berserker)             Turns: 2192, Time: 00:01:39

Health: 0/51       AC:  6    Str: 24    XL:     6   Next: 50%
Magic:  5/5        EV: 10    Int:  4    God:    Trog [***...]
Gold:   164        SH:  0    Dex:  9    Spells: 5/5 levels left

rFire   . . .        a - +0 hand axe
rCold   . . .        (no shield)
rNeg    . . .        d - +0 scale mail
rPois   .            (helmet restricted)
rElec   .            (no cloak)
rCorr   +            (no gloves)
SInv    .            (no boots)
Will    .....        (no amulet) Stlth
                     f - ring of resist corrosion
HPRegen 0.28/turn    (no ring)
MPRegen 0.09/turn

%: no passive effects
@: lethally poisoned (0 -> -2), on berserk cooldown, slowed, very slow
A: horns 2, retaliatory headbutt
a: Renounce Religion, Berserk, Trog's Hand


You were on level 4 of the Dungeon.
You worshipped Trog.
Trog was most pleased with you.
You visited 1 branch of the dungeon, and saw 4 of its levels.

You collected 194 gold pieces.
You spent 30 gold pieces at shops.

Inventory:

Hand Weapons
 a - a +0 hand axe (weapon)
Armour
 d - a +0 scale mail (worn)
Jewellery
 f - a ring of resist corrosion (left hand)
Wands
 q - a wand of roots (2)
Scrolls
 c - 4 scrolls of identify {unknown}
 e - a scroll of torment {unknown}
 i - 3 scrolls of vulnerability {unknown}
 j - 3 scrolls of teleportation
 k - a scroll of enchant armour {unknown}
 m - a scroll of noise {unknown}
 n - a scroll of revelation {unknown}
 u - a scroll of immolation {unknown}
Potions
 b - a potion of attraction {unknown}
 g - a potion of degeneration {unknown}
 h - 2 potions of haste {unknown}
 l - a potion of enlightenment {unknown}
 o - a potion of lignification {unknown}
 p - 2 potions of might {unknown}
 r - a potion of resistance {unknown}
 s - 2 potions of curing {unknown}
 t - a potion of brilliance {unknown}


   Skills:
 - Level 3.6 Fighting
 + Level 8.9 Axes
 - Level 2.4 Armour
 - Level 2.1 Dodging


You had 5 spell levels left.
You didn't know any spells.
Your spell library was empty.

Dungeon Overview and Level Annotations

Branches:
Dungeon (4/15)
 Temple: D:4-7

Altars:
Elyvilon

Shops:
D:2 ?   D:3 [


Innate Abilities, Weirdness & Mutations

You have a pair of horns on your head.
You reflexively headbutt those who attack you in melee.


Message History

You barely miss the scorpion. You headbutt the scorpion!
The scorpion is severely wounded.
The scorpion stings you.
* * * LOW HITPOINT WARNING * * *
You are poisoned.
The scorpion poisons you!
You barely miss the scorpion.
The scorpion is severely wounded.
You feel sick.
You hit the scorpion. Your punch misses the scorpion.
The scorpion is almost dead.
You feel sick. The scorpion stings you.
* * * LOW HITPOINT WARNING * * *
You slash the scorpion!
You kill the scorpion!
Trog accepts your kill.
You feel sick.
A gnoll comes into view. It is wielding a +0 spear.
Found a stone staircase leading up.
You feel sick.
The gnoll shouts!
You see here a scorpion corpse.
You barely miss the gnoll. You headbutt the gnoll!
The gnoll is severely wounded.
The gnoll hits you with a +0 spear.
* * * LOW HITPOINT WARNING * * *
You slash the gnoll!
You kill the gnoll!
Trog accepts your kill.
* * * LOW HITPOINT WARNING * * *
You feel sick.
* * * LOW HITPOINT WARNING * * *
You feel sick.
Things that are here:
a +0 spear; a +0 ring mail; a gnoll corpse You feel a strong urge to attack something.
You see here a +0 flail.
You are no longer berserk.
You are exhausted.
You feel yourself slow down.
You die...

.†...# #.)).......#
.(..)#####.........
####...........###
#...........#
#...........#
#...........+
#...........#########
##########+#..))....#
#.@))†.#. ######)#
<.. ....# ..### #g#
.# .#


There were no monsters in sight!

Vanquished Creatures
  A gnoll sergeant (D:4)
  2 scorpions (D:4)
  11 gnolls (D:4)
  3 adders
  3 dart slugs (D:1)
  6 endoplasms
  7 giant cockroaches
  4 goblins
  6 hobgoblins
  4 jackals
  7 kobolds
  3 quokkas
  6 ball pythons (D:3)
  4 bats
  3 frilled lizards
  8 rats
78 creatures vanquished.

Notes
Turn   | Place    | Note
-------+----------+-------------------------------------------
     0 | D:1      | DocEon the Minotaur Berserker began the quest for the Orb.
     0 | D:1      | Reached XP level 1. HP: 19/19 MP: 0/0
    64 | D:1      | Reached skill level 4 in Axes
   106 | D:1      | Reached XP level 2. HP: 25/26 MP: 1/1
   473 | D:1      | Reached skill level 5 in Axes
   766 | D:2      | Found Xoriwet's Magic Scroll Emporium.
   782 | D:2      | Bought a scroll of teleportation for 30 gold pieces
   820 | D:2      | Reached XP level 3. HP: 29/31 MP: 2/2
  1074 | D:2      | Reached ** piety under Trog
  1270 | D:3      | Found Wyinuu's Antique Armour Emporium.
  1543 | D:3      | Reached XP level 4. HP: 39/39 MP: 3/3
  1546 | D:3      | Reached skill level 6 in Axes
  1766 | D:3      | Found a white marble altar of Elyvilon.
  1997 | D:4      | Noticed a scorpion
  2004 | D:4      | Killed a scorpion
  2005 | D:4      | Reached skill level 7 in Axes
  2005 | D:4      | Reached XP level 5. HP: 45/45 MP: 4/4
  2012 | D:4      | Reached *** piety under Trog
  2172 | D:4      | Reached skill level 8 in Axes
  2180 | D:4      | Reached XP level 6. HP: 16/51 MP: 5/5
  2188 | D:4      | HP: 3/76 [gnoll/+0 spear[a gnoll sergeant] (3)]
  2192 | D:4      | Succumbed to a scorpion's poison

Illustrated notes

Levels and vault maps discovered:
D:1:      sevenhm_arrival_forest_fort_small_5, layout_basic
D:2:      layout_loops_cross, serial_shops, shop, minmay_small_reverse_x
D:3:      layout_loops_ring, mainiacjoe_overflow_24_doors, serial_shops,
          nicolae_shop_overgrown_old_shop, minmay_quadrilaterals
D:4:      layout_basic, bloody_makhleb, ebering_ghost_reflecting_pool,
          minmay_hedge_maze, feat_on_display

Skill      XL: |  1  2  3  4  5 |
---------------+----------------+-----
Axes           | 4 5 7 8 |  8.9
Fighting       | |  3.6
Armour         | |  2.4
Dodging        | |  2.1

Action                     |  1- 3 |  4- 6 || total
---------------------------+-------+-------++-------
  Melee: Hand axe          |    84 |    64 ||   148
         Headbutt          |    16 |     9 ||    25
         Punch             |     1 |       ||     1
 Invoke: Berserk           |       |     2 ||     2
 Armour: Animal skin       |    12 |       ||    12
         Scale mail        |    42 |    46 ||    88
  Dodge: Dodged            |    58 |    38 ||    96

Table legend: (Time is in decaauts)
 A = Elapsed time spent in this place.
 B = Non-inter-level travel time spent in this place.
 C = Inter-level travel time spent in this place.
 D = Time resting spent in this place.
 E = Time spent auto-exploring this place.
 F = Levels seen in this place.
 G = Mean time per level.
                   A        B        C        D        E       F      G
               +--------+--------+--------+--------+--------+-----+--------+
         Total |   2196 |   2133 |     63 |     43 |   1712 |   4 |  549.0 |
       Dungeon |   2196 |   2133 |     63 |     43 |   1712 |   4 |  549.0 |
               +--------+--------+--------+--------+--------+-----+--------+

Top non-repeatable levels by time:
     D:3: 722 daAuts
     D:1: 679 daAuts
     D:2: 596 daAuts
     D:4: 198 daAuts
